 Dungeon Crawl Stone Soup version 0.18-a0-1078-gebb93d0 (webtiles) character file.

1239 M4edhros the Covert (level 8, 0/48 HPs)
             Began as an Octopode Artificer on Jan 14, 2016.
             Slain by a quasit (1 damage)
             ... on level 7 of the Dungeon.
             The game lasted 00:07:35 (4950 turns).

M4edhros the Covert (Octopode Artificer)            Turns: 4950, Time: 00:07:36

Health: 0/48       AC:  1    Str: 11      XL:     8   Next: 49%
Magic:  12/12      EV:  2    Int: 16      God:
Gold:   293        SH:  0    Dex:  2 (17) Spells: 0 memorised, 7 levels left

rFire  . . .     SeeInvis .     E - +1 long sword (holy)
rCold  . . .     Gourm    .     s - +0 shield
rNeg   . . .     Faith    .     (helmet restricted)
rPois  .         Spirit   .     (no amulet)
rElec  .         Dismiss  .     (no ring)
rCorr  .         Reflect  .     (no ring)
SustAt .         Harm     .     (no ring)
MR     .....                    (no ring)
Stlth  ..........               (no ring)
                                (no ring)
                                (no ring)
                                (no ring)

@: agile, slowed, lost dexterity, very slow, not resistant to hostile
enchantments, extremely unstealthy
A: almost no armour, amphibious, 8 rings, constrict 8, camouflage 1, gelatinous
body 1
a: no special abilities


You were on level 7 of the Dungeon.
You were hungry.

You visited 1 branch of the dungeon, and saw 7 of its levels.

You collected 293 gold pieces.

Inventory:

Hand Weapons
 e - a +0 dagger of speed
 E - a +1 long sword of holy wrath (weapon)
 F - a +0 blowgun
Missiles
 i - 53 sling bullets
 j - 63 stones (quivered)
 G - 8 poisoned needles
Armour
 s - a +0 shield (worn)
Magical Staves
 n - an uncursed staff of death
 L - an uncursed staff of air
Wands
 b - a wand of flame (0/48)
 c - a wand of enslavement (9/24)
 d - a wand of random effects (3/48)
 o - a wand of slowing (25/48)
 C - a wand of draining (1/15)
 K - a wand of draining (7/15)
Scrolls
 g - a scroll of immolation {unknown}
 h - 5 scrolls of amnesia {unknown}
 k - 2 scrolls of remove curse {unknown}
 l - a scroll of enchant weapon {unknown}
 m - 9 scrolls of identify {unknown}
 p - a scroll of blinking {unknown}
 x - 2 scrolls of recharging {unknown}
 y - a scroll of teleportation {unknown}
 A - 2 scrolls of fog {unknown}
 B - 3 scrolls of noise {unknown}
 D - a scroll of fear {unknown}
Potions
 a - a potion of flight {unknown}
 q - a potion of brilliance
 r - 2 potions of magic {unknown}
 H - 2 potions of poison {unknown}
Books
 I - a book of Burglary

   Spells                             Type                      Level
   a - Swiftness                      Charms/Air                   2
   b - Passwall                       Transmutation/Earth          3
   c - Passage of Golubria            Translocation                4
   d - Lee's Rapid Deconstruction     Earth                        5
   e - Darkness                       Hexes                        6
   f - Invisibility                   Hexes                        6
Comestibles
 f - 3 bread rations
 t - 2 beef jerkies
 u - 2 slices of pizza
 v - 4 fruits
 w - 3 meat rations


   Skills:
 - Level 1.0 Fighting
 - Level 1.0 Short Blades
 * Level 5.8 Dodging
 * Level 8.6 Stealth
 * Level 3.1 Shields
 + Level 5.9 Evocations


You had 7 spell levels left.
You didn't know any spells.

Dungeon Overview and Level Annotations

Branches:
Dungeon (7/15)
 Temple: D:4-7

Altars:
Ashenzari
Gozag
Nemelex Xobeh
Pakellas
Qazlal
Ru

Annotations:
D:4 Dowan


Innate Abilities, Weirdness & Mutations

You cannot wear most types of armour.
You are amphibious.
You can wear up to eight rings at the same time.
You can use your tentacles to constrict eight enemies at once.
Your skin changes colour to match your surroundings (Stealth).
Your rubbery body absorbs attacks (AC +1).


Message History

Zapping:
c - a wand of enslavement (10/24)
Press: ? - help, Shift-Dir - straight line, f - adder skeleton
Aim: an adder skeleton (chance to defeat MR: 86%)
Okay, then.
The quasit bites you.
* * * LOW HITPOINT WARNING * * *
The quasit claws you but does no damage.
The quasit claws you.
* * * LOW HITPOINT WARNING * * *
Unknown command.
Evoke which item? (* to show all) (? for menu, Esc to quit)
Zapping:
c - a wand of enslavement (10/24)
Press: ? - help, Shift-Dir - straight line, f - quasit
Aim: a quasit (almost dead, chance to defeat MR: 67%)
The quasit struggles to resist.
This wand has 9 charges left.
The quasit bites you.
* * * LOW HITPOINT WARNING * * *
The quasit claws you but does no damage.
The quasit barely misses you. The quasit bites you.
You die...

.... ###...##.#####
b..[ .............
..... #...##.#####
#.... ##.###.###
#.... #.......#
###...### #.###.#.#
.$.....Z# #.# #.#.# #
#5# #.###.# # #. #@#
#.##..# .###.##.#
#.##.## ......#.#
#.##.# # #......#
#.##.##.#
##...#.######.......#
##.........####.####
........####......#
####.#### ######## #.


You could see a quasit and an adder skeleton.

Vanquished Creatures
  An ice beast (D:5)
  A phantom (D:5)
  A centaur (D:5)
  A big kobold (D:7)
  A giant frog (D:7)
  2 scorpions
  The ghost of M4edhros the Charlatan, a weakling OpAr (D:4)
  A crimson imp (D:5)
  2 orc wizards (D:6)
  2 orc priests (D:6)
  2 hounds
  A giant frog skeleton (D:4)
  2 iguanas (D:4)
  7 worker ants
  A killer bee zombie (D:7)
  A hound skeleton (D:5)
  5 gnolls
  6 adders
  A worm (D:5)
  3 giant geckos
  3 orcs (D:4)
  A ball python (D:5)
  2 bats (D:1)
  A giant cockroach (D:7)
  A goblin (D:2)
  5 hobgoblins
  11 jackals
  3 quokkas
  A giant newt (D:6)
  9 kobolds
  3 rats (D:1)
82 creatures vanquished.

Vanquished Creatures (collateral kills)
  Duvessa (D:4)
  A gnoll (D:5)
2 creatures vanquished.

Vanquished Creatures (others)
  A boulder beetle (D:5)
  A gnoll shaman (D:5)
  A bush (D:5)
3 creatures vanquished.

Grand Total: 87 creatures vanquished

Notes
Turn   | Place    | Note
--------------------------------------------------------------
     0 | D:1      | M4edhros the Octopode Artificer began the quest for the Orb.
     0 | D:1      | Reached XP level 1. HP: 13/13 MP: 3/3
   308 | D:1      | Reached XP level 2. HP: 9/18 MP: 4/4
   665 | D:2      | Reached XP level 3. HP: 19/23 MP: 5/5
  1101 | D:4      | Noticed M4edhros's ghost (weakling OpAr)
  1113 | D:5      | Entered Level 5 of the Dungeon
  1145 | D:5      | Reached XP level 4. HP: 7/28 MP: 6/6
  1173 | D:5      | HP: 1/28 [crimson imp (1)]
  1174 | D:5      | Reached skill level 4 in Stealth
  1468 | D:5      | Noticed a phantom
  1536 | D:5      | Noticed an ice beast
  1542 | D:5      | Killed an ice beast
  1542 | D:5      | Reached skill level 5 in Stealth
  1542 | D:5      | Reached XP level 5. HP: 33/33 MP: 8/8
  1634 | D:5      | Found a shattered altar of Ashenzari.
  1663 | D:5      | Reached XP level 6. HP: 38/38 MP: 9/9
  1700 | D:5      | Killed a phantom
  1808 | D:5      | Reached skill level 6 in Stealth
  1848 | D:5      | Found an oddly glowing altar of Pakellas.
  1849 | D:5      | Noticed a boulder beetle
  1870 | D:5      | Killed a boulder beetle
  2021 | D:5      | Reached XP level 7. HP: 32/43 MP: 10/10
  2344 | D:5      | Reached skill level 5 in Evocations
  2747 | D:4      | Noticed Dowan
  2749 | D:4      | Noticed Duvessa
  2756 | D:4      | Noticed Dowan
  2756 | D:4      | Dowan changed into Dowan the wolf
  2769 | D:4      | Killed Duvessa
  2769 | D:4      | Reached skill level 5 in Dodging
  2807 | D:4      | Reached skill level 7 in Stealth
  2869 | D:4      | Found a sparkling altar of Nemelex Xobeh.
  2908 | D:4      | Killed M4edhros's ghost
  2908 | D:4      | Reached skill level 1 in Shields
  3251 | D:6      | Reached XP level 8. HP: 43/48 MP: 12/12
  3384 | D:6      | Found a sacrificial altar of Ru.
  3721 | D:6      | Reached skill level 8 in Stealth
  3871 | D:6      | Found a stormy altar of Qazlal.
  4579 | D:7      | Found an opulent altar of Gozag.
  4945 | D:7      | Lost dexterity.
  4949 | D:7      | HP: 2/48 [quasit (2)]
  4950 | D:7      | Slain by a quasit

Vault maps used:
D:1:      minmay_arrival_solitary_statue
D:2:      gammafunk_temple_overflow_forgotten, nicolae_overflow_crystal_walls,
          hangedman_decor_riveting, uniq_iyjb
D:4:      first_bread, nemelex_xobeh_ov_fountains_minmay, uniq_duvessa
D:5:      old_standard_altar, gammafunk_pakellas_spire_experiment
D:6:      old_standard_altar, grunt_qazlal_clouds
D:7:      vehumet_statue, kennysheep_mini, minmay_temple_entry_butterflies

Action                   |  1- 3 |  4- 6 |  7- 9 || total
-------------------------+-------+-------+-------++-------
Melee: Dagger            |    94 |    34 |   164 ||   292
       Short sword       |     7 |       |       ||     7
       Long sword        |       |       |    45 ||    45
Evoke: Wand              |       |    17 |    16 ||    33
  Use: Potion            |     3 |       |     4 ||     7
 Stab: Sleeping          |     3 |     5 |    10 ||    18
       Paralysed         |       |       |     1 ||     1
  Eat: Bread ration      |       |     1 |       ||     1
       Chunk             |       |       |     8 ||     8
